 Dungeon Crawl Stone Soup version 0.27-a0-585-g945025970d (webtiles) character file.

Game seed: 6040882123419567769

8226 Azunone the Fighter (level 11, -1/92 HPs)
             Began as a Gnoll Wanderer on Mar 10, 2021.
             Was an Initiate of Gozag.
             Slain by Urug
             ... wielding a +0 vorpal battleaxe
              (29 damage)
             ... on level 10 of the Dungeon.
             The game lasted 00:48:55 (10746 turns).

Azunone the Fighter (Gnoll Wanderer)               Turns: 10746, Time: 00:48:56

Health: -1/92      AC: 13    Str: 24    XL:     11   Next: 27%
Magic:  20/20      EV: 13    Int: 11    God:    Gozag
Gold:   1008       SH:  5    Dex: 14    Spells: 13/22 levels left

rFire    + . .     SeeInvis .   e - +7 dagger of Vorchegoots {flame, Str+3}
rCold    . . .     Faith    .   I - +0 buckler
rNeg     . . .     Spirit   .   Y - +0 scale mail
rPois    .         Reflect  .   (no helmet)
rElec    .         Harm     .   G - scarf {repulsion}
rCorr    .         Rampage  .   T - +0 pair of gloves
Will     .....                  E - +2 pair of boots of Valiance {rF+}
Stlth    ++........             H - amulet of regeneration
HPRegen  1.25/turn              K - +6 ring of strength
MPRegen  0.17/turn              N - +4 ring of slaying

@: repel missiles
A: fangs 2, hooves 2, agile 1, strong nose, distributed training
a: Renounce Religion, Potion Petition, Call Merchant, Bribe Branch


You were on level 10 of the Dungeon.
You worshipped Gozag.
Gozag was most pleased with you.
You visited 2 branches of the dungeon, and saw 11 of its levels.
You also visited: Ossuary and Bailey.

You collected 1396 gold pieces.
You spent 256 gold pieces at shops.
You paid 132 gold pieces to Gozag.

Inventory:

Hand Weapons
 e - the +7 dagger of Vorchegoots (weapon) {flame, Str+3}
   (You found it on level 7 of the Dungeon)

   It has been specially enchanted to burn those struck by it, causing extra
   injury to most foes and up to half again as much damage against particularly
   susceptible opponents.
   It affects your strength (+3).
 r - the +10 arbalest of Gerphuqe {penet, Str+3 Int+2}
   (You found it in a bailey)

   Ammo fired by it passes through the targets it hits, potentially hitting all
   targets in its path until it reaches maximum range.
   It affects your strength (+3).
   It affects your intelligence (+2).
 P - a +5 great sword
 V - a +4 mace of holy wrath
Missiles
 b - 31 bolts
 d - 76 poisoned darts (quivered)
 j - a throwing net
 S - 8 atropa-tipped darts
 W - 7 curare-tipped darts
Armour
 o - the +6 plate armour "Nitori" {Int+8}
   (You found it on level 9 of the Dungeon)

   It affects your intelligence (+8).
 E - the +2 pair of boots of Valiance (worn) {rF+}
   (You bought it in a shop on level 9 of the Dungeon)

   It protects you from fire.
 G - a scarf of repulsion (worn)
 I - a +0 buckler (worn)
 Q - a +0 kite shield
 T - a +0 pair of gloves (worn)
 Y - a +0 scale mail (worn)
Jewellery
 f - a ring of positive energy
 i - a ring of ice
 t - a +4 ring of evasion
 v - a ring of resist corrosion
 y - an amulet of the acrobat
 A - a +6 ring of intelligence
 D - a ring of positive energy
 H - an amulet of regeneration (around neck)
 K - a +6 ring of strength (left hand)
 N - a +4 ring of slaying (right hand)
Wands
 a - a wand of iceblast (6)
 C - a wand of digging (5)
 O - a wand of flame (22)
 X - a wand of polymorph (9)
Scrolls
 c - 8 scrolls of teleportation
 g - 2 scrolls of immolation {unknown}
 k - a scroll of magic mapping {unknown}
 m - a scroll of blinking
 p - 2 scrolls of amnesia
 q - 3 scrolls of fear
 u - 2 scrolls of enchant weapon
 F - a scroll of enchant armour {unknown}
 L - a scroll of random uselessness {unknown}
 R - a scroll of fog {unknown}
 U - 2 scrolls of holy word
 Z - a scroll of torment {unknown}
Potions
 h - 4 potions of heal wounds
 l - a potion of haste
 n - 2 potions of lignification
 s - 4 potions of brilliance
 w - 4 potions of ambrosia
 x - a potion of attraction
 z - 7 potions of curing
 B - 3 potions of invisibility
 J - a potion of mutation
 M - 3 potions of might


   Skills:
 + Level 10.4 Fighting
 + Level 6.1 Short Blades
 + Level 6.1 Long Blades
 + Level 6.1 Axes
 + Level 6.1 Maces & Flails
 + Level 6.1 Polearms
 + Level 6.1 Staves
 + Level 6.1 Slings
 + Level 6.1 Bows
 + Level 6.7 Crossbows
 + Level 6.7 Throwing
 + Level 9.1 Armour
 + Level 6.1 Dodging
 + Level 6.6 Stealth
 + Level 6.1 Shields
 + Level 6.1 Unarmed Combat
 + Level 6.1 Spellcasting
 + Level 5.1 Conjurations
 + Level 5.1 Hexes
 + Level 5.1 Summonings
 + Level 5.1 Necromancy
 + Level 5.1 Translocations
 + Level 5.1 Transmutations
 + Level 5.1 Fire Magic
 + Level 5.1 Ice Magic
 + Level 5.1 Air Magic
 + Level 5.1 Earth Magic
 + Level 5.1 Poison Magic
 + Level 6.7 Invocations
 + Level 6.1 Evocations


You had 13 spell levels left.
You knew the following spells:

 Your Spells              Type           Power      Damage    Failure   Level
a - Shock                 Conj/Air       56%        1d6       4%          1
b - Swiftness             Air            14%        N/A       8%          2
c - Gell's Gravitas       Tloc           7%         N/A       16%         3
d - Mephitic Cloud        Conj/Pois/Air  14%        N/A       16%         3

Your spell library contained the following spells:

 Spells                   Type           Power      Damage    Failure   Level
 Poisonous Vapours        Pois/Air       28%        N/A       8%          2
 Confusing Touch          Hex            14%        N/A       16%         3
 Conjure Flame            Conj/Fire      14%        6-21      16%         3
 Static Discharge         Conj/Air       14%        N/A       16%         3
 Airstrike                Air            7%         N/A       45%         4
 Petrify                  Tmut/Erth      14%        N/A       45%         4
 Lightning Bolt           Conj/Air       7%         1d19      80%         5
 Metabolic Englaciation   Hex/Ice        7%         N/A       80%         5
 Yara's Violent Unravell  Hex/Tmut       7%         3d5       80%         5
 Freezing Cloud           Conj/Ice/Air   7%         6-21      100%        6


Dungeon Overview and Level Annotations

Branches:
Dungeon (10/15)            Temple (1/1) D:6            Lair (0/6) D:8
    Orc (0/2) D:9         Ossuary (visited)          Bailey (visited)

Altars:
Ashenzari
Cheibriados
Dithmenos
Elyvilon
Fedhas
Gozag
Hepliaklqana
Kikubaaqudgha
Nemelex Xobeh
Qazlal
Ru
Trog
Uskayaw
Vehumet
Wu Jian
Zin

Shops:
D:9 *(*[!

Annotations:
D:10 Urug


Innate Abilities, Weirdness & Mutations

You have extremely sharp teeth.
Your uncanny sense of smell can sniff out nearby items.
Your experience applies equally to all skills.
You have hoof-like feet.
You are agile. (Dex +2)


Message History

You hit the kobold brigand. You burn the kobold brigand.
The kobold brigand is almost dead.
The kobold barely misses you. x2
You puncture the kobold brigand! You burn the kobold brigand.
You kill the kobold brigand!
You hear a splash. x5
You puncture the kobold! You burn the kobold.
You kill the kobold!
The kobold hits you but does no damage.
You hit the kobold. You burn the kobold.
You kill the kobold!
Something hits you!
No target in view!
You enter the shallow water.
Moving in this stuff is going to be slow.
Something hits you but does no damage.
Items here: $ ( )) /.
You can't carry that many items.
You feel extremely strange.
You feel weaker.
Your urge to shout disappears.
You no longer feel jittery.
Your feet thicken and deform.
You feel agile.
Your teeth lengthen and sharpen some more.
You drop a +2 hand crossbow.
You hear a splash.
a - a wand of iceblast (6) Why would you want to do that?
Something hits you!
Items here: $ ( ))).
Your scale mail prevents you from hitting something.
Something hits you.
You hit something but do no damage. You bite something. Something hits you!!
You hit something. You burn something. Your bite misses something.
You hit something. You burn something. Something hits you.
* * * LOW HITPOINT WARNING * * *
You hit something. You burn something. You hit something but do no damage.
Your bite misses something. Something hits you!!
You die...
Your body crumbles into a pile of gold.

#....... #..≈≈≈
#..≈#######
####..≈#>.$.∩# #.
#.....≈#..$$.# ..#
#.#.#.≈##'''##≈...
###.#...≈≈≈≈≈≈≈≈≈....
##...###.≈≈≈≈$≈≈≈≈.#..
. #..#.........@$....+
..##.######.#####$#.###
..'..##............##
..#########.#####.## .
#.# .## #.### #...#
######'#####
#..........#


There were no monsters in sight!

Vanquished Creatures
  Harold (D:7)
  2 two-headed ogres (D:9)
  A gargoyle (D:10)
  A troll (D:10)
  Grinder (D:5)
  2 wyverns
  A yak (D:8)
  2 basilisks (D:8)
  2 water moccasins
  5 orc warriors
  An eye of draining (D:8)
  An ice beast (D:7)
  3 ogres
  A black bear (D:9)
  A centaur (D:7)
  A phantom (D:5)
  Blork the orc (D:5)
  2 kobold brigands
  A wyvern zombie (D:7)
  A gnoll sergeant (D:9)
  A bullfrog (D:7)
  10 scorpions
  5 killer bees (D:9)
  9 wights
  3 howler monkeys
  3 human zombies (Ossuary)
  2 centaur zombies (Ossuary)
  2 jellies
  7 bullfrog skeletons
  Crazy Yiuf (D:2)
  4 orc priests
  A centaur skeleton (D:8)
  8 hounds
  2 iguanas
  13 orc wizards
  7 worker ants
  A killer bee zombie (D:5)
  A hound zombie (D:7)
  A hound skeleton (D:9)
  3 mummies (Ossuary)
  7 gnolls
  A howler monkey skeleton (D:6)
  11 adders
  3 scorpion zombies (Ossuary)
  2 shadow imps
  An ufetubus (D:5)
  An ooze (D:2)
  An adder skeleton (D:6)
  A worm (D:2)
  4 dart slugs
  4 leopard geckos
  58 orcs
  4 giant cockroaches
  2 gnoll zombies (Ossuary)
  19 goblins
  13 hobgoblins
  17 jackals
  36 kobolds
  2 quokkas
  3 ball pythons
  14 bats
  3 frilled lizards
  5 hobgoblin zombies (Ossuary)
  2 kobold zombies (Ossuary)
  2 orc zombies (Ossuary)
  A quokka skeleton (D:4)
  6 rats
338 creatures vanquished.

Vanquished Creatures (others)
  A scorpion (Ossuary)
  An orc wizard (D:3)
  A plant (D:7)
3 creatures vanquished.

Grand Total: 341 creatures vanquished

Notes
Turn   | Place    | Note
-------+----------+-------------------------------------------
     0 | D:1      | Azunone the Gnoll Wanderer began the quest for the Orb.
     0 | D:1      | Azunone set off with the following items: a +2 hand
                  | crossbow, 26 bolts, a scroll of teleportation, 13 poisoned
                  | darts, a +0 dagger, a +0 robe
     0 | D:1      | Reached XP level 1. HP: 26/26 MP: 1/1
   140 | D:1      | Reached XP level 2. HP: 33/33 MP: 2/2
   425 | D:1      | Reached XP level 3. HP: 38/38 MP: 3/3
   733 | D:2      | Reached skill level 1 in Invocations
   868 | D:2      | Reached skill level 1 in Short Blades
   868 | D:2      | Reached skill level 1 in Long Blades
   868 | D:2      | Reached skill level 1 in Axes
   868 | D:2      | Reached skill level 1 in Maces & Flails
   868 | D:2      | Reached skill level 1 in Polearms
   868 | D:2      | Reached skill level 1 in Staves
   868 | D:2      | Reached skill level 1 in Slings
   868 | D:2      | Reached skill level 1 in Bows
   868 | D:2      | Reached skill level 1 in Dodging
   868 | D:2      | Reached skill level 1 in Shields
   868 | D:2      | Reached skill level 1 in Unarmed Combat
   868 | D:2      | Reached skill level 1 in Spellcasting
   868 | D:2      | Reached skill level 1 in Evocations
   969 | D:2      | Reached XP level 4. HP: 45/45 MP: 5/5
  1168 | D:2      | Found a radiant altar of Vehumet.
  1399 | D:2      | Reached skill level 1 in Conjurations
  1399 | D:2      | Reached skill level 1 in Hexes
  1399 | D:2      | Reached skill level 1 in Summonings
  1399 | D:2      | Reached skill level 1 in Necromancy
  1399 | D:2      | Reached skill level 1 in Translocations
  1399 | D:2      | Reached skill level 1 in Transmutations
  1399 | D:2      | Reached skill level 1 in Fire Magic
  1399 | D:2      | Reached skill level 1 in Ice Magic
  1399 | D:2      | Reached skill level 1 in Air Magic
  1399 | D:2      | Reached skill level 1 in Earth Magic
  1399 | D:2      | Reached skill level 1 in Poison Magic
  1491 | D:2      | Found a runed translucent door.
  1492 | D:2      | Noticed Crazy Yiuf
  1497 | D:2      | Killed Crazy Yiuf
  1498 | D:2      | Reached XP level 5. HP: 51/51 MP: 6/6
  1981 | D:3      | Reached XP level 6. HP: 49/57 MP: 8/8
  2656 | D:4      | Found a broken altar of Ashenzari.
  2862 | D:4      | Learned a level 1 spell: Shock
  2865 | D:4      | Learned a level 2 spell: Swiftness
  3007 | D:4      | Reached XP level 7. HP: 63/63 MP: 10/10
  3351 | D:5      | Entered Level 5 of the Dungeon
  3373 | D:5      | Noticed Grinder
  3379 | D:5      | Paralysed by Grinder for 3 turns
  3394 | D:5      | Killed Grinder
  3395 | D:5      | Reached skill level 9 in Fighting
  3513 | D:5      | Noticed Blork the orc
  3518 | D:5      | Killed Blork the orc
  3519 | D:5      | Reached XP level 8. HP: 66/71 MP: 12/12
  4205 | D:6      | Found a staircase to the Ecumenical Temple.
  4569 | D:6      | Found a sand-covered staircase.
  4576 | Ossuary  | Entered an ossuary
  5506 | Ossuary  | Reached XP level 9. HP: 67/76 MP: 14/14
  6640 | D:7      | Reached skill level 5 in Crossbows
  6640 | D:7      | Reached skill level 5 in Throwing
  6860 | D:7      | Reached skill level 5 in Stealth
  7013 | D:7      | Reached skill level 5 in Invocations
  7360 | D:7      | Noticed Harold
  7376 | D:7      | Killed Harold
  7377 | D:7      | Reached skill level 5 in Short Blades
  7377 | D:7      | Reached skill level 5 in Long Blades
  7377 | D:7      | Reached skill level 5 in Axes
  7377 | D:7      | Reached skill level 5 in Maces & Flails
  7377 | D:7      | Reached skill level 5 in Polearms
  7377 | D:7      | Reached skill level 5 in Staves
  7377 | D:7      | Reached skill level 5 in Slings
  7377 | D:7      | Reached skill level 5 in Bows
  7377 | D:7      | Reached skill level 5 in Dodging
  7377 | D:7      | Reached skill level 5 in Shields
  7377 | D:7      | Reached skill level 5 in Unarmed Combat
  7377 | D:7      | Reached skill level 5 in Spellcasting
  7377 | D:7      | Reached skill level 5 in Evocations
  7377 | D:7      | Reached XP level 10. HP: 32/85 MP: 17/17
  7464 | D:7      | Found an ornate altar of the Wu Jian Council.
  7613 | D:7      | Identified the +7 dagger of Vorchegoots {flame, Str+3}
  7807 | D:8      | Found a staircase to the Lair.
  7836 | D:8      | Reached skill level 10 in Fighting
  7968 | D:8      | Learned a level 3 spell: Gell's Gravitas
  8526 | D:8      | Found a sacrificial altar of Ru.
  8705 | Temple   | Entered the Ecumenical Temple
  8851 | Temple   | Became a worshipper of Gozag Ym Sagoz the Greedy
  9009 | D:9      | Found Bibuatz's Assorted Antiques.
  9032 | D:9      | Found Jaolat's Antique Armour Shop.
  9115 | D:9      | Found Umapp's Assorted Antiques.
  9121 | D:9      | Noticed a two-headed ogre
  9139 | D:9      | Killed a two-headed ogre
  9265 | D:9      | Identified the +6 plate armour "Nitori" {Int+8}
  9404 | D:9      | Found a staircase to the Orcish Mines.
  9500 | D:9      | Found Zefun's Antique Weapon Shoppe.
  9735 | D:9      | Found Viris's Distillery.
  9961 | D:9      | Noticed a two-headed ogre
  9976 | D:9      | Killed a two-headed ogre
  9977 | D:9      | Reached XP level 11. HP: 45/92 MP: 19/19
 10048 | D:9      | Bought a pair of buzzing boots for 256 gold pieces
 10048 | D:9      | Identified the +2 pair of boots of Valiance {rF+} (You
                  | bought it in a shop on level 9 of the Dungeon)
 10097 | D:10     | Entered Level 10 of the Dungeon
 10152 | D:10     | Reached skill level 5 in Conjurations
 10152 | D:10     | Reached skill level 5 in Hexes
 10152 | D:10     | Reached skill level 5 in Summonings
 10152 | D:10     | Reached skill level 5 in Necromancy
 10152 | D:10     | Reached skill level 5 in Translocations
 10152 | D:10     | Reached skill level 5 in Transmutations
 10152 | D:10     | Reached skill level 5 in Fire Magic
 10152 | D:10     | Reached skill level 5 in Ice Magic
 10152 | D:10     | Reached skill level 5 in Air Magic
 10152 | D:10     | Reached skill level 5 in Earth Magic
 10152 | D:10     | Reached skill level 5 in Poison Magic
 10156 | D:10     | Learned a level 3 spell: Mephitic Cloud
 10319 | D:10     | Found a flagged portal.
 10325 | Bailey   | Entered a bailey
 10437 | Bailey   | Found a bloodstained altar of Trog.
 10463 | Bailey   | Identified the +10 arbalest of Gerphuqe {penet, Str+3
                  | Int+2}
 10574 | Bailey   | Gained mutation: You can translocate small distances at
                  | will. [potion of mutation]
 10574 | Bailey   | Gained mutation: You occasionally shout uncontrollably at
                  | your foes. [potion of mutation]
 10574 | Bailey   | Gained mutation: You have large cloven feet. [potion of
                  | mutation]
 10574 | Bailey   | Gained mutation: Your muscles are strong. (Str +2) [potion
                  | of mutation]
 10723 | D:10     | Noticed Urug
 10735 | D:10     | Lost mutation: Your muscles are strong. (Str +2) [potion of
                  | mutation]
 10735 | D:10     | Lost mutation: You occasionally shout uncontrollably at
                  | your foes. [potion of mutation]
 10735 | D:10     | Lost mutation: You can translocate small distances at will.
                  | [potion of mutation]
 10735 | D:10     | Gained mutation: You have hoof-like feet. [potion of
                  | mutation]
 10735 | D:10     | Gained mutation: You are agile. (Dex +2) [potion of
                  | mutation]
 10735 | D:10     | Gained mutation: You have extremely sharp teeth. [potion of
                  | mutation]
 10746 | D:10     | Slain by Urug

Illustrated notes

Levels and vault maps discovered:
D:1:      grunt_arrival_crossed_arrows, layout_loops_cross
D:2:      layout_loops_ring, nicolae_vehumet_altar_sigil, minmay_misc_feat_five,
          minmay_misc_feat_square, nrook_uturn, minmay_surrounded,
          uniq_crazy_yiuf_cottage
D:3:      layout_loops_ring, minmay_crystal_room
D:4:      layout_cave_pods, overflow_temple_1_default, item_on_display_a
D:5:      layout_gridville, minivault_24, uniq_grinder, uniq_blork_the_orc
D:6:      minmay_general_purpose_star, layout_loops_ring,
          minmay_temple_entry_arrows, nicolae_ossuary_entry_monument,
          minmay_misc_feat_alley
D:7:      corexii_shantytown, layout_basic, nicolae_wu_jian_glorious_leap,
          uniq_harold
D:8:      layout_basic, lemuel_round_altar, david_lair_generic
D:9:      layout_loops_ring, hiddenorc2_lemuel, serial_shops, shop,
          nicolae_shop_window_shopping, kennysheep_mini, nicolae_shop_crystal,
          nicolae_shop_waterfront
D:10:     layout_roguey, enter_bailey_4, minmay_fire_ice_demons, uniq_josephine,
          uniq_urug
Temple:   dpeg_five_rooms_temple

Skill      XL: |  1  2  3  4  5  6  7  8  9 10 11 |
---------------+----------------------------------+-----
Invocations    | 1 2 3 4 5 6 |  6.7
Short Blades   | 1 2 3 5 6 |  6.1
Long Blades    | 1 2 3 5 6 |  6.1
Axes           | 1 2 3 5 6 |  6.1
Maces & Flails | 1 2 3 5 6 |  6.1
Polearms       | 1 2 3 5 6 |  6.1
Staves         | 1 2 3 5 6 |  6.1
Slings         | 1 2 3 5 6 |  6.1
Bows           | 1 2 3 5 6 |  6.1
Dodging        | 1 2 3 5 6 |  6.1
Shields        | 1 2 3 5 6 |  6.1
Unarmed Combat | 1 2 3 5 6 |  6.1
Spellcasting   | 1 2 3 5 6 |  6.1
Evocations     | 1 2 3 5 6 |  6.1
Conjurations   | 1 2 3 4 5 |  5.1
Hexes          | 1 2 3 4 5 |  5.1
Summonings     | 1 2 3 4 5 |  5.1
Necromancy     | 1 2 3 4 5 |  5.1
Translocations | 1 2 3 4 5 |  5.1
Transmutations | 1 2 3 4 5 |  5.1
Fire Magic     | 1 2 3 4 5 |  5.1
Ice Magic      | 1 2 3 4 5 |  5.1
Air Magic      | 1 2 3 4 5 |  5.1
Earth Magic    | 1 2 3 4 5 |  5.1
Poison Magic   | 1 2 3 4 5 |  5.1
Crossbows      | 3 4 5 6 |  6.7
Throwing       | 3 4 5 6 |  6.7
Stealth        | 3 4 5 6 |  6.6
Armour         | 7 8 9 |  9.1
Fighting       | 9 10 | 10.4

Action                   |  1- 3 |  4- 6 |  7- 9 | 10-12 || total
-------------------------+-------+-------+-------+-------++-------
Melee: Dagger            |       |    10 |    75 |   183 ||   268
       Bite              |       |     1 |    43 |    22 ||    66
       Quarterstaff      |       |       |   158 |       ||   158
       Flail             |       |       |    92 |    12 ||   104
       Great sword       |       |       |    86 |     7 ||    93
       Punch             |       |       |     3 |       ||     3
 Fire: Hand crossbow     |    69 |   143 |    67 |    72 ||   351
Throw: Dart              |       |       |       |     7 ||     7
 Cast: Shock             |       |       |    15 |    12 ||    27
       Swiftness         |       |       |     1 |       ||     1
 Abil: Blink             |       |       |       |    10 ||    10
  Use: Scroll            |       |     5 |     1 |     9 ||    15
       Potion            |       |       |       |     2 ||     2
 Stab: Paralysed         |       |       |     2 |       ||     2
       Sleeping          |       |       |    10 |     2 ||    12
       Distracted        |       |       |     1 |       ||     1
Armor: Ring mail         |     4 |    17 |   112 |     1 ||   134
       Scale mail        |       |       |       |    75 ||    75
Dodge: Dodged            |     9 |    44 |   359 |    96 ||   508
       Repelled          |       |       |       |     2 ||     2
Block: Buckler           |       |       |       |    31 ||    31
       Kite shield       |       |       |       |     9 ||     9
       Rpst.: Great sword |       |       |    24 |     2 ||    26

Table legend: (Time is in decaauts)
 A = Elapsed time spent in this place.
 B = Non-inter-level travel time spent in this place.
 C = Inter-level travel time spent in this place.
 D = Time resting spent in this place.
 E = Time spent auto-exploring this place.
 F = Levels seen in this place.
 G = Mean time per level.
                   A        B        C        D        E       F      G
               +--------+--------+--------+--------+--------+-----+--------+
         Total |  10859 |  10213 |    646 |    224 |   7288 |  13 |  835.3 |
       Dungeon |   8729 |   8168 |    561 |      5 |   6171 |  10 |  872.9 |
        Temple |    198 |    114 |     84 |      0 |    107 |   1 |  198.0 |
       Ossuary |   1558 |   1558 |      0 |    219 |    992 |   1 | 1558.0 |
        Bailey |    373 |    373 |      0 |      0 |     18 |   1 |  373.0 |
               +--------+--------+--------+--------+--------+-----+--------+

Top non-repeatable levels by time:
 Ossuary: 1558 daAuts
     D:7: 1137 daAuts
     D:9: 1123 daAuts
     D:8: 1049 daAuts
     D:4: 1035 daAuts
     D:6: 910 daAuts
     D:2: 856 daAuts
     D:5: 820 daAuts
     D:3: 819 daAuts
     D:1: 714 daAuts
  Bailey: 373 daAuts
    D:10: 262 daAuts
  Temple: 198 daAuts
